 Dungeon Crawl Stone Soup version 0.29.1-12-g30fa7ad0bf (webtiles) character file.

Game seed: 3503095300030580947

7039 concernfroge the Reanimator (level 10, 0/74 HPs)
             Began as a Demonspawn Necromancer on Jan 9, 2023.
             Was an Elder of Vehumet.
             Slain by an ice devil (4 damage)
             ... led by Amaemon
             ... on level 9 of the Dungeon.
             The game lasted 01:00:31 (13796 turns).

concernfroge the Reanimator (DsNe)                 Turns: 13796, Time: 01:00:32

Health: 0/74       AC: 17    Str:  9    XL:     10   Next: 83%
Magic:  33/33      EV: 15    Int: 20    God:    Vehumet [****..]
Gold:   372        SH:  4    Dex: 20    Spells: 11/29 levels left

rFire   + . .      SeeInvis .   a - +5 trident (protect)
rCold   + + .      Faith    +   (no shield)
rNeg    . . .      Spirit   .   u - +2 robe {rC+}
rPois   +          Reflect  .   g - +2 hat
rElec   +          Harm     .   (no cloak)
rCorr   +          Rampage  .   s - +2 pair of gloves
Will    .....                   m - +0 pair of boots
Stlth   ++++++....              e - amulet of faith
HPRegen 0.22/turn               c - ring of wizardry
MPRegen 0.23/turn               h - ring of magical power

@: resistant, under a protective aura
A: antennae 2, thin skeletal structure 3, condensation shield, demonic magic 2
a: Renounce Religion


You were on level 9 of the Dungeon.
You worshipped Vehumet.
Vehumet was greatly pleased with you.
You visited 2 branches of the dungeon, and saw 10 of its levels.
You also visited: Sewer.

You collected 457 gold pieces.
You spent 85 gold pieces at shops.

Inventory:

Hand Weapons
 a - a +5 trident of protection (weapon)
 b - a +4 dagger of flaming
Missiles
 d - 2 throwing nets
Armour
 g - a +2 hat (worn)
 j - the +1 pair of gloves of Emueddel {*Slow rN+ rCorr Str+2}
   (You acquired it on level 9 of the Dungeon)

   Str:       It affects your strength (+2).
   rN:        It protects you from negative energy.
   rCorr:     It protects you from acid and corrosion.
   *Slow:     It may slow you when you take damage.
 m - a +0 pair of boots (worn)
 s - a +2 pair of gloves (worn)
 u - a +2 robe of cold resistance (worn)
 D - a +0 kite shield
Jewellery
 c - a ring of wizardry (left hand)
 e - an amulet of faith (around neck)
 h - a ring of magical power (right hand)
 t - a ring of positive energy
Scrolls
 f - a scroll of enchant armour
 i - 2 scrolls of butterflies
 k - 2 scrolls of teleportation
 p - 2 scrolls of blinking
 w - a scroll of brand weapon
 x - 2 scrolls of magic mapping
Potions
 l - a potion of haste {unknown}
 o - a potion of resistance
 r - 2 potions of brilliance {unknown}
 y - a potion of magic
 B - a potion of cancellation {unknown}
 C - 2 potions of flight {unknown}


   Skills:
 - Level 5.0 Fighting
 - Level 5.0 Dodging
 - Level 5.0 Stealth
 - Level 10.0 Spellcasting
 + Level 0.4 Conjurations
 - Level 10.0 Necromancy
 - Level 5.0 Evocations


You had 11 spell levels left.
You knew the following spells:

 Your Spells              Type           Power      Damage    Failure   Level
a - Necrotise             Necr           100%       1d9       1%          1
b - Vampiric Draining     Necr           50%        2d9       1%          3
c - Animate Dead          Necr           50%        N/A       1%          4
d - Agony                 Necr           50%        N/A       1%          5
e - Fireball              Conj/Fire      5%         3d5       19%         5

Your spell library contained the following spells:

 Spells                   Type           Power      Damage    Failure   Level
 Foxfire                  Conj/Fire      40%        2x1d6     1%          1
 Magic Dart               Conj           44%        1d5       1%          1
 Conjure Flame            Conj/Fire      10%        6-21      2%          3
 Inner Flame              Hex/Fire       10%        N/A       2%          3
 Mephitic Cloud           Conj/Pois/Air  10%        N/A       2%          3
 Call Imp                 Summ           10%        N/A       4%          2
 Flame Wave               Conj/Fire      10%        2d6       8%          4
 Fulminant Prism          Conj/Hex       5%         3d7       8%          4
 Iskenderun's Mystic Bla  Conj/Tloc      10%        2d4       8%          4
 Lee's Rapid Deconstruct  Erth           5%         3d7*      19%         5


Dungeon Overview and Level Annotations

Branches:
Dungeon (9/15)             Temple (1/1) D:5           Sewer (visited)
   Lair: D:8-11         Orc: D:9-12

Altars:
Ashenzari
Cheibriados
Dithmenos
Fedhas
Gozag
Hepliaklqana
Kikubaaqudgha
Makhleb
Nemelex Xobeh
Okawaru
Qazlal
Ru
Sif Muna
Trog
Uskayaw
Vehumet
Wu Jian
Xom
Yredelemnul

Shops:
D:4 [

Annotations:
D:4 1 runed translucent door, exclusion: door, javelincjr's ghost, amateur HOFi


Innate Abilities, Weirdness & Mutations

You have a pair of antennae on your head.
You have an unnaturally thin skeletal structure. (Dex +6, Stealth+++)
A meltable shield of frost defends you. (SH +4)
Spells you cast may paralyse nearby enemies.


Message History

You barely miss the ice devil.
The ice devil is heavily wounded.
The ice devil hits you! The ice devil freezes you! You resist.
* * * LOW HITPOINT WARNING * * *
You feel better. The ice devil misses you.
You feel protected.
The ice devil hits you but does no damage.
You hit the ice devil.
The ice devil is heavily wounded.
The ice devil hits you but does no damage.
The ice devil closely misses you.
You closely miss the ice devil.
The ice devil is heavily wounded.
The ice devil hits you but does no damage.
You barely miss the ice devil.
The ice devil is heavily wounded.
The ice devil barely misses you.
You hit the ice devil.
The ice devil is heavily wounded.
The ice devil hits you. The ice devil freezes you! You resist.
* * * LOW HITPOINT WARNING * * *
The ice devil closely misses you.
You feel better.
The ice devil hits you but does no damage.
You hit the ice devil.
The ice devil is heavily wounded.
The ice devil closely misses you.
You hit the ice devil but do no damage.
The ice devil is heavily wounded.
The ice devil closely misses you.
You hit the ice devil but do no damage.
The ice devil is heavily wounded.
The ice devil hits you!
* * * LOW HITPOINT WARNING * * *
The ice devil freezes you! You resist.
* * * LOW HITPOINT WARNING * * *
The ice devil hits you.
* * * LOW HITPOINT WARNING * * *
The ice devil freezes you. You resist.
You die...

**..z#* *,,,**** **#..#*
*,*,,,,* *#..#*
*,,***,******* *#..###
**,C**,,,,,,,* *#...##
**..##*****,, #....##
**,..##* ***
##....############...#*
#.....##........###.{*
#......)@4....)..###.####
##....##).......$.##{{...
##..###..........z####..
##.# ##.........4.6.)z.
### #.....#.....4....
#...#.#...~....~.
#..##.......(!..?
#..#####....~~... ##.##
#....~~...


You could see an ice devil.

Vanquished Creatures
  Gastronok (D:8)
  A cyclops (D:9)
  A troll (D:9)
  A wyvern (D:9)
  4 vampire mosquitoes (D:8)
  A water moccasin (D:7)
  4 orc warriors
  A hornet zombie (D:7)
  An ice beast (D:5)
  2 black bears
  An ogre (D:7)
  5 centaurs
  6 kobold brigands
  5 bullfrogs
  A necrophage (D:4)
  A gnoll sergeant (D:7)
  A scorpion (D:5)
  7 wights
  18 killer bees
  4 howler monkeys
  2 centaur zombies (D:7)
  A bullfrog zombie (D:7)
  A jelly (D:5)
  6 orc priests
  2 hounds
  4 iguanas
  Ijyb (D:3)
  9 orc wizards
  A killer bee zombie (D:7)
  2 howler monkey zombies (D:7)
  7 gnolls
  9 adders
  4 river rats
  3 shadow imps
  A white imp (D:5)
  7 worms
  A dart slug (D:4)
  24 orcs
  5 endoplasms
  4 giant cockroaches
  7 goblins
  9 hobgoblins
  3 jackals (D:3)
  6 quokkas
  12 ball pythons
  3 bats
  8 frilled lizards
  18 kobolds
  9 rats
235 creatures vanquished.

Vanquished Creatures (collateral kills)
  A hound (D:5)
  A dart slug (D:2)
  2 orcs
  A ball python (D:1)
  A hobgoblin (D:1)
  A jackal (D:3)
  4 kobolds
11 creatures vanquished.

Vanquished Creatures (others)
  A plant (D:5)
  7 withered plants (D:7)
8 creatures vanquished.

Grand Total: 254 creatures vanquished

Notes
Turn   | Place    | Note
-------+----------+-------------------------------------------
     0 | D:1      | concernfroge the Demonspawn Necromancer began the quest for
                  | the Orb.
     0 | D:1      | Reached XP level 1. HP: 13/13 MP: 3/3
   345 | D:1      | Gained mutation: You have a pair of small antennae on your
                  | head. [demonic ancestry]
   345 | D:1      | Reached XP level 2. HP: 19/19 MP: 1/5
  1283 | D:2      | Gained mutation: You have a somewhat thin skeletal
                  | structure. (Dex +2, Stealth+) [demonic ancestry]
  1283 | D:2      | Reached XP level 3. HP: 24/24 MP: 7/7
  1312 | D:2      | Found a faded altar of an unknown god.
  1431 | D:2      | Found a sacrificial altar of Ru.
  1895 | D:2      | Learned a level 3 spell: Vampiric Draining
  2133 | D:2      | Gained mutation: You have a moderately thin skeletal
                  | structure. (Dex +4, Stealth++) [demonic ancestry]
  2133 | D:2      | Reached XP level 4. HP: 30/30 MP: 10/10
  2520 | D:3      | Found a glowing drain.
  2790 | Sewer    | Entered a sewer
  2998 | Sewer    | Noticed a kobold brigand
  3010 | Sewer    | Killed a kobold brigand
  3011 | Sewer    | Reached skill level 5 in Spellcasting
  3011 | Sewer    | Reached skill level 5 in Necromancy
  3011 | Sewer    | Gained mutation: Spells you cast may paralyse adjacent
                  | enemies. [demonic ancestry]
  3011 | Sewer    | Reached XP level 5. HP: 36/36 MP: 10/12
  3160 | Sewer    | Reached skill level 1 in Fighting
  3273 | Sewer    | Gained mutation: You have an unnaturally thin skeletal
                  | structure. (Dex +6, Stealth+++) [demonic ancestry]
  3273 | Sewer    | Reached XP level 6. HP: 46/46 MP: 8/13
  4336 | D:3      | Gained mutation: A meltable shield of frost defends you.
                  | (SH +4) [demonic ancestry]
  4336 | D:3      | Reached XP level 7. HP: 55/55 MP: 14/14
  4360 | D:3      | Noticed Ijyb
  4364 | D:3      | Killed Ijyb
  4388 | D:3      | Reached skill level 5 in Fighting
  4975 | D:4      | Found Wanir's Antique Armour Shoppe.
  5003 | D:4      | Learned a level 4 spell: Animate Dead
  5009 | D:4      | Learned a level 5 spell: Agony
  5041 | D:4      | Bought a runed robe for 85 gold pieces
  5455 | D:4      | Found a shadowy altar of Dithmenos.
  5455 | D:4      | Found a shimmering blue altar of Sif Muna.
  5460 | D:4      | Found an iron altar of Okawaru.
  5683 | D:4      | Found a runed translucent door.
  5714 | D:4      | Noticed javelincjr's ghost (amateur HOFi)
  5915 | D:5      | Entered Level 5 of the Dungeon
  5918 | D:5      | Found a transporter.
  5984 | D:5      | Found a transporter.
  6027 | D:5      | Found a staircase to the Ecumenical Temple.
  6036 | Temple   | Entered the Ecumenical Temple
  6200 | Temple   | Became a worshipper of Vehumet
  6561 | D:5      | Reached skill level 5 in Dodging
  6629 | D:5      | Gained mutation: Spells you cast may paralyse nearby
                  | enemies. [demonic ancestry]
  6629 | D:5      | Reached XP level 8. HP: 62/62 MP: 15/15
  7075 | D:6      | Found a sacrificial altar of Ru.
  7203 | D:6      | Reached skill level 1 in Evocations
  7317 | D:6      | Reached * piety under Vehumet
  7317 | D:6      | Offered knowledge of Sandblast by Vehumet.
  7522 | D:6      | Found an ornate altar of the Wu Jian Council.
  7526 | D:6      | Reached skill level 5 in Stealth
  8254 | D:5      | Offered knowledge of Searing Ray by Vehumet.
  8340 | D:7      | Reached skill level 5 in Evocations
  8459 | D:7      | Reached ** piety under Vehumet
  8460 | D:7      | Reached XP level 9. HP: 68/68 MP: 12/16
  8901 | D:7      | Found a hazy altar of Hepliaklqana.
  9119 | D:7      | Offered knowledge of Poisonous Vapours by Vehumet.
  9548 | D:7      | Reached *** piety under Vehumet
 10645 | D:8      | Offered knowledge of Airstrike by Vehumet.
 11290 | D:8      | Gained mutation: You have a pair of antennae on your head.
                  | [demonic ancestry]
 11290 | D:8      | Reached XP level 10. HP: 74/74 MP: 17/21
 11433 | D:8      | Found an ancient bone altar of Kikubaaqudgha.
 11914 | D:9      | Noticed a +0 dagger
 11914 | D:9      | Noticed a +0 hand axe
 11915 | D:9      | Found a hide-covered altar of Uskayaw.
 11946 | D:9      | Noticed an orange demon
 11947 | D:9      | Noticed Amaemon
 11960 | D:9      | Noticed a cyclops
 12196 | D:9      | Noticed Gastronok
 12730 | D:8      | Killed Gastronok
 12731 | D:8      | Reached skill level 10 in Necromancy
 12933 | D:8      | Reached **** piety under Vehumet
 13349 | D:9      | Killed a cyclops
 13631 | D:9      | Identified a scroll of acquirement
 13631 | D:9      | Acquired the +1 pair of gloves of Emueddel {*Slow rN+ rCorr
                  | Str+2}
 13737 | D:9      | Offered knowledge of Fireball by Vehumet.
 13744 | D:9      | Learned a level 5 spell: Fireball
 13758 | D:9      | Noticed Amaemon
 13758 | D:9      | Amaemon changed into Amaemon the bullfrog
 13765 | D:9      | Killed Amaemon the bullfrog
 13766 | D:9      | Reached skill level 10 in Spellcasting
 13766 | D:9      | an orange demon changed into an ice devil
 13796 | D:9      | Slain by an ice devil

Illustrated notes

Levels and vault maps discovered:
D:1:      minmay_arrival_shoal_huts, layout_basic, minmay_tetromino_l2
D:2:      minmay_angry_zag, layout_basic, basic_ecumenical_altar, basic_altar
D:3:      layout_loops_corners, portal_sewer_entry_b, uniq_ijyb
D:4:      layout_basic, minitemple, ebering_ghost_sewer_d, serial_shops,
          nicolae_shop_window_shopping
D:5:      gammafunk_wand_slinger, layout_loops_cross,
          minmay_temple_entry_large_hall, minmay_quadrilaterals
D:6:      layout_basic, nicolae_ru_awakened_eye, nicolae_overflow_crystal_walls,
          chequers_serial_rivers_micro_e
D:7:      layout_layer_cave, mainiacjoe_overflow_tiny_flanked, serial_undead,
          serial_undead_d, serial_undead_d, serial_undead_b, serial_undead_b,
          serial_undead_b, serial_undead_e, grunt_ogre_cave
D:8:      layout_loops_corners, nicolae_kikubaaqudgha_miasma_corner,
          minmay_misc_feat_pillars, minivault_24, chequers_garden, hex_medium
D:9:      layout_layer_cave, dancing_weapons_uskayaw, skrybe_limestone_x,
          chequers_serial_rivers_small_b, uniq_gastronok, uniq_amaemon
Temple:   nicolae_temple_bog_church

Skill      XL: |  1  2  3  4  5  6  7  8  9 10 |
---------------+-------------------------------+-----
Spellcasting   | 3 4 5 7 10 | 10.0
Necromancy     | 5 8 10 | 10.0
Fighting       | 2 4 5 |  5.0
Dodging        | 5 |  5.0
Stealth        | 2 5 |  5.0
Evocations     | 5 |  5.0
Conjurations   | |  0.4

Action                   |  1- 3 |  4- 6 |  7- 9 | 10-12 || total
-------------------------+-------+-------+-------+-------++-------
Melee: Unarmed           |     1 |       |       |       ||     1
       Flail             |       |       |   119 |       ||   119
       Punch             |       |       |     4 |     3 ||     7
       Trident           |       |       |    25 |   146 ||   171
       Dagger            |       |       |     1 |     2 ||     3
 Cast: Necrotise         |    97 |    86 |   201 |     5 ||   389
       Vampiric Draining |       |    31 |    55 |    62 ||   148
       Agony             |       |       |       |     4 ||     4
Evoke: Wand              |       |       |    32 |     3 ||    35
  Use: Scroll            |       |       |     5 |    16 ||    21
       Potion            |       |       |     2 |    13 ||    15
 Stab: Paralysed         |       |       |     5 |     6 ||    11
       Sleeping          |       |       |     1 |       ||     1
       Distracted        |       |       |       |     2 ||     2
Armor: Robe              |     2 |     3 |    68 |    98 ||   171
Dodge: Dodged            |    13 |    26 |   147 |   215 ||   401
Block: Other             |       |       |    44 |    55 ||    99
